 Dungeon Sprint DCSS version 0.30-a0-930-gb9d0489357 (webtiles) character file.

Game seed: 1046757548328443586

298 fozzywoppz the Covered (level 6, -4/44 HPs)
             Began as a Gargoyle Fighter on Mar 24, 2023.
             Slain by a deep troll (14 damage)
             ... in the Dungeon (Sprint I: "Red Sonja").
             The game lasted 00:01:48 (549 turns).

fozzywoppz the Covered (Gargoyle Fighter)            Turns: 549, Time: 00:01:49

Health: -4/44      AC: 12    Str: 20    XL:     6   Next: 36%
Magic:  6/6        EV:  9    Int:  8    God:
Gold:   594        SH:  7    Dex: 11    Spells: 5/5 levels left

rFire   . . .      SeeInvis .    a - +0 flail
rCold   . . .      Faith    .    l - +2 buckler
rNeg    + . .      Spirit   .    b - +0 scale mail
rPois   ∞          Reflect  .    (no helmet)
rElec   +          Rampage  .    (no cloak)
rCorr   .          NoTele   +    (no gloves)
Will    .....                    (no boots) Stlth
                                 (no amulet)
HPRegen 0.27/turn                (no ring)
MPRegen 0.10/turn                (no ring)

@: mighty
A: sickness immunity, AC +4, negative energy resistance 1, electricity
resistance, torment resistance 1, petrification resistance
a: no special abilities


You were in the Dungeon.
You visited 1 branch You collected 594 gold pieces.

Inventory:

Hand Weapons
 a - a +0 flail (weapon)
Armour
 b - a +0 scale mail (worn)
 l - a +2 buckler (worn)
Wands
 c - a wand of polymorph (7)
 k - a wand of digging (7)
Scrolls
 j - a scroll of blinking
Potions
 e - 3 potions of curing
 g - a potion of haste
 h - 2 potions of magic
 i - a potion of berserk rage


   Skills:
 + Level 7.8 Fighting
 + Level 6.7 Maces & Flails
 + Level 7.8 Armour
 + Level 7.8 Shields


You had 5 spell levels left.
You didn't know any spells.
Your spell library was empty.

Dungeon Overview and Level Annotations

Branches:
Dungeon (1/1)

Altars:
Sif Muna
Vehumet
Wu Jian

Annotations:
D Sonja


Innate Abilities, Weirdness & Mutations

You are immune to sickness and miasma.
Your stone body is resilient. (AC +4)
You are immune to poison.
You resist negative energy. (rN+)
You are resistant to electric shocks. (rElec)
You are resistant to unholy torment.
You are immune to petrification.


Message History

You now have 540 gold pieces (gained 27).
You now have 567 gold pieces (gained 27).
You now have 594 gold pieces (gained 27).
You see here a +0 trident.
There is an open door here.
You close the door.
There's nothing to close nearby.
You open the door. You open the door.
A deep troll comes into view.
The deep troll shouts!
Found 108 gold pieces.
You close the door.
A deep troll opens the door.
You feel very mighty all of a sudden.
You sock the deep troll!
The deep troll is moderately wounded.
You block the deep troll's attack. The deep troll claws you!
You block the deep troll's attack.
You thump the deep troll!
The deep troll is heavily wounded.
The deep troll bites you! The deep troll closely misses you.
You block the deep troll's attack.
You sock the deep troll!
The deep troll is heavily wounded.
The deep troll bites you. The deep troll claws you.
* * * LOW HITPOINT WARNING * * *
The deep troll claws you but does no damage.
You feel much better.
The deep troll bites you but does no damage.
You block the deep troll's attack. The deep troll claws you!
You barely miss the deep troll.
The deep troll is heavily wounded.
You block the deep troll's attack. The deep troll closely misses you.
The deep troll claws you!
* * * LOW HITPOINT WARNING * * *
You sock the deep troll!
The deep troll is severely wounded.
The deep troll bites you!
You die...

#..# #..#...#)#
#..# ####..##[#
#..# ##'#_.+ #⌠⌠#
+..._# #### #_.#+#
##+#
#########.####+###
.......+...T$$.$$+
++++####..@#######
###.### #.#'#.#
#.....# #.[.).#
#######


You could see a deep troll.

Vanquished Creatures
  Sigmund (D)
  An ogre (D)
  A jelly (D)
  Ijyb (D)
4 creatures vanquished.

Vanquished Creatures (others)
  2 ballistomycete spores (D)
2 creatures vanquished.

Grand Total: 6 creatures vanquished

Notes
Turn   | Place    | Note
-------+----------+-------------------------------------------
     0 | D        | fozzywoppz the Gargoyle Fighter began the quest for the
                  | Orb.
     0 | D        | Reached XP level 1. HP: 14/14 MP: 1/1
     1 | D        | Noticed Ijyb
    16 | D        | Killed Ijyb
    17 | D        | Reached XP level 2. HP: 12/20 MP: 2/2
    17 | D        | Reached XP level 3. HP: 15/24 MP: 3/3
    56 | D        | Noticed an ogre
    62 | D        | HP: 1/24 [ogre/+0 giant club (23)]
    63 | D        | Killed an ogre
    64 | D        | Reached XP level 4. HP: 2/32 MP: 4/4
   193 | D        | Noticed Sigmund
   214 | D        | Killed Sigmund
   215 | D        | Reached XP level 5. HP: 11/38 MP: 5/5
   215 | D        | Reached XP level 6. HP: 13/44 MP: 6/6
   342 | D        | Found an ornate altar of the Wu Jian Council.
   342 | D        | Found a shimmering blue altar of Sif Muna.
   344 | D        | Found a radiant altar of Vehumet.
   431 | D        | Noticed Sonja
   540 | D        | Noticed a deep troll
   549 | D        | Slain by a deep troll

Illustrated notes

Levels and vault maps discovered:
D:        dungeon_sprint_1 [red_sonja_temple_1, red_sonja_temple_small_1]

Skill      XL: |  1  2  3  4 |
---------------+-------------+-----
Fighting       | 4 6 7 |  7.8
Maces & Flails | 3 4 6 |  6.7
Armour         | 4 6 7 |  7.8
Shields        | 4 6 7 |  7.8

Action                     |  1- 3 |  4- 6 || total
---------------------------+-------+-------++-------
  Melee: Flail             |    19 |    30 ||    49
    Use: Potion            |     1 |     2 ||     3
 Armour: Scale mail        |     7 |    12 ||    19
  Dodge: Dodged            |     6 |     3 ||     9
  Block: Buckler           |     3 |     5 ||     8

Table legend: (Time is in decaauts)
 A = Elapsed time spent in this place.
 B = Non-inter-level travel time spent in this place.
 C = Inter-level travel time spent in this place.
 D = Time resting spent in this place.
 E = Time spent auto-exploring this place.
 F = Levels seen in this place.
 G = Mean time per level.
                   A        B        C        D        E       F      G
               +--------+--------+--------+--------+--------+-----+--------+
         Total |    559 |    559 |      0 |    359 |      0 |   1 |  559.0 |
       Dungeon |    559 |    559 |      0 |    359 |      0 |   1 |  559.0 |
               +--------+--------+--------+--------+--------+-----+--------+

Top non-repeatable levels by time:
       D: 559 daAuts
